 Dungeon Crawl Stone Soup version 0.22.1-2-g9c5b331383 (webtiles) character file.

65 Ihlosi the Firebug (level 4, -1/24 HPs)
             Began as a Kobold Fire Elementalist on Dec 25, 2018.
             Killed by divine providence
             ... invoked by an orc priest
              (15 damage)
             ... on level 3 of the Dungeon.
             The game lasted 00:08:23 (1814 turns).

Ihlosi the Firebug (Kobold Fire Elementalist)       Turns: 1814, Time: 00:08:23

Health: -1/24      AC:  2    Str:  5    XL:     4   Next: 35%
Magic:  1/8        EV: 15    Int: 17    God:
Gold:   155        SH:  5    Dex: 15    Spells: 2/9 levels left

rFire    . . .     SeeInvis .   i - +2 dagger (freeze)
rCold    . . .     Gourm    .   (shield restricted)
rNeg     . . .     Faith    .   a - +0 robe
rPois    .         Spirit   .   (no helmet)
rElec    .         Reflect  +   (no cloak)
rCorr    .         Harm     .   (no gloves)
MR       .....                  (no boots)
Stlth    ++........             k - +5 amulet of reflection
HPRegen  0.08/turn              (no ring)
MPRegen  0.11/turn              (no ring)

@: no status effects
A: small, carnivore
a: no special abilities


You were on level 3 of the Dungeon.
You were very full.

You visited 1 branch of the dungeon, and saw 3 of its levels.

You collected 155 gold pieces.

Inventory:

Hand Weapons
 i - a +2 dagger of freezing (weapon)
Missiles
 q - 6 curare-tipped needles
Armour
 a - a +0 robe (worn)
Jewellery
 k - a +5 amulet of reflection (around neck)
Scrolls
 b - 3 scrolls of remove curse {unknown}
 d - 2 scrolls of blinking {unknown}
 f - a scroll of magic mapping {unknown}
 g - 3 scrolls of random uselessness {unknown}
 h - a scroll of enchant weapon {unknown}
 m - 2 scrolls of teleportation {unknown}
 n - a scroll of identify {unknown}
 o - a scroll of fog {unknown}
 p - a scroll of noise {unknown}
 r - a scroll of enchant armour {unknown}
Potions
 e - a potion of flight {unknown}
 j - 2 potions of degeneration {unknown}
 l - a potion of brilliance {unknown}
Comestibles
 c - 6 rations


   Skills:
 * Level 0.4 Fighting
 + Level 0.2 Short Blades
 * Level 2.8 Dodging
 - Level 3.0 Stealth
 * Level 3.1 Spellcasting
 * Level 1.7 Conjurations
 * Level 3.6 Fire Magic


You had 2 spell levels left.
You knew the following spells:

 Your Spells              Type           Power        Failure   Level  Hunger
a - Flame Tongue          Conj/Fire      ##...        6%          1    None
b - Throw Flame           Conj/Fire      ##....       9%          2    ##.....
c - Sticky Flame          Conj/Fire      ##......     50%         4    ####...

Your spell library contained the following spells:

 Spells                   Type           Power        Failure   Level  Hunger
 Conjure Flame            Conj/Fire      ##......     17%         3    ###....
 Inner Flame              Hex/Fire       #.......     26%         3    ###....
 Fireball                 Conj/Fire      ##........   85%         5    ######.


Dungeon Overview and Level Annotations

Branches:
Dungeon (3/15)

Altars:
The Shining One


Innate Abilities, Weirdness & Mutations

You are small and have problems with some larger weapons.
You are carnivorous and can eat meat at any time.


Message History

The hobgoblin shouts!
The orc priest invokes the aid of Beogh against you.
Pain shoots through your body!
You barely miss the orc priest.
The orc priest is heavily wounded.
The orc priest completely misses you.
Casting: Flame Tongue (safe; 6% risk of failure)
Confirm with . or Enter, or press ? or * to list all spells.
Aiming: Flame Tongue (safe; 6% risk of failure)
Press: ? - help, Shift-Dir - straight line, f/p - orc priest
Aim: an orc priest, wielding a hand axe of chopping and wearing a scale mail The flame tongue hits the orc priest.
The orc priest is severely wounded.
The orc priest hits you with a hand axe of chopping.
The orc priest begins to cast a cantrip, but forgets the words!
There is a stone staircase leading up here.
The orc priest calls down the wrath of Beogh upon you.
Beogh smites you!
Ouch! That really hurt!
You die...

#.#######
#...@...#
#######o#
#o# .o.
#.### #g
#. #. ..


You could see an orc priest.

Vanquished Creatures
  An adder (D:2)
  An ooze (D:2)
  A worm (D:2)
  3 dart slugs
  A ball python (D:2)
  2 giant cockroaches (D:2)
  9 goblins
  3 hobgoblins
  2 jackals (D:2)
  2 kobolds
  2 quokkas (D:2)
  5 bats
  6 frilled lizards
  3 rats (D:1)
41 creatures vanquished.

Notes
Turn   | Place    | Note
-------+----------+-------------------------------------------
     0 | D:1      | Ihlosi the Kobold Fire Elementalist began the quest for the
                  | Orb.
     0 | D:1      | Reached XP level 1. HP: 10/10 MP: 3/3
    76 | D:1      | Reached XP level 2. HP: 13/15 MP: 0/5
   678 | D:1      | Reached XP level 3. HP: 19/19 MP: 3/6
  1241 | D:2      | Reached XP level 4. HP: 24/24 MP: 4/8
  1406 | D:2      | Learned a level 2 spell: Throw Flame
  1520 | D:2      | Found a glowing golden altar of the Shining One.
  1774 | D:2      | Learned a level 4 spell: Sticky Flame
  1814 | D:3      | Killed from afar by an orc priest

Skill      XL: |  1  2  3 |
---------------+----------+-----
Stealth        | 3 |  3.0
Spellcasting   | 3 |  3.1
Fighting       | |  0.4
Short Blades   | |  0.2
Dodging        | |  2.8
Conjurations   | |  1.7
Fire Magic     | |  3.6

Action                   |  1- 3 |  4- 6 || total
-------------------------+-------+-------++-------
Melee: Unarmed           |    20 |       ||    20
       Dagger            |    30 |     2 ||    32
 Cast: Flame Tongue      |    35 |    21 ||    56
       Throw Flame       |       |     2 ||     2
 Stab: Sleeping          |     1 |       ||     1
  Eat: Chunk             |     8 |     2 ||    10
Armor: Robe              |     4 |       ||     4
Dodge: Dodged            |    38 |     9 ||    47
Block: Other             |     3 |     2 ||     5
